 Seeded DCSS version 0.30.1-4-g462c640d31 (webtiles) character file.

Game seed: 6351066067085065685 (custom seed)

5 Esekla the Grave Robber (level 1, -1/10 HPs)
             Began as a Deep Elf Necromancer on Aug 20, 2023.
             Constricted to death by a goblin (5 damage)
             ... on level 2 of the Dungeon.
             The game lasted 00:02:23 (326 turns).

Esekla the Grave Robber (Deep Elf Necromancer)       Turns: 326, Time: 00:02:23

Health: -1/10      AC:  2    Str:  5    XL:     1   Next: 66%
Magic:  6/6        EV:  9    Int: 19    God:
Gold:   40         SH:  0    Dex: 15    Spells: 5/6 levels left

rFire   . . .        c - +0 short sword
rCold   . . .        (no shield)
rNeg    . . .        a - +0 robe
rPois   .            (no helmet)
rElec   .            (no cloak)
rCorr   .            (no gloves)
SInv    .            (no boots)
Will    .....        (no amulet)
Stlth   ++           (no ring)
HPRegen 0.21/turn    (no ring)
MPRegen 0.10/turn

%: no passive effects
@: grasped by roots, constricted
A: no striking features
a: no special abilities


You were on level 2 of the Dungeon.
You visited 1 branch of the dungeon, and saw 2 of its levels.

You collected 40 gold pieces.

Inventory:

Hand Weapons
 c - a +0 short sword (weapon)
Armour
 a - a +0 robe (worn)
Scrolls
 e - a scroll of fear {unknown}
 f - a scroll of identify {unknown}
Potions
 b - a potion of magic
 d - a potion of ambrosia {unknown}
 g - a potion of haste {unknown}


   Skills:
 * Level 2.4 Dodging
 + Level 2.5 Stealth
 * Level 3.2 Spellcasting
 + Level 5.0 Necromancy


You had 5 spell levels left.
You knew the following spells:

 Your Spells              Type           Power      Damage    Failure   Level
a - Necrotise             Necr           88%        1d8       1%          1

Your spell library contained the following spells:

 Spells                   Type           Power      Damage    Failure   Level
 Vampiric Draining        Necr           22%        2d7       5%          3
 Animate Dead             Necr           22%        N/A       19%         4
 Agony                    Necr           22%        N/A       45%         5


Dungeon Overview and Level Annotations

Branches:
Dungeon (2/15)

Altars:

Shops:
D:2 =


Message History

There is a stone staircase leading down here.
Found a dagger.
Found 16 gold pieces.
Found a leather armour.
You now have 16 gold pieces.
Found a mace.
A goblin comes into view.
It is wielding a +0 dagger and carrying a wand of roots (9).
You see here a +0 leather armour.
Found a bubbling blue potion.
Found a yellow potion.
Found 8 gold pieces.
g - a yellow potion You now have 24 gold pieces (gained 8).
You see here a +0 leather armour.
Found 6 gold pieces.
Found a leather armour.
Found Renulab's Jewellery Shop.
There is an entrance to Renulab's Jewellery Shop here.
You can access your shopping list by pressing '$'.
Found a stone staircase leading down.
You now have 30 gold pieces (gained 6).
There is a stone staircase leading down here.
The goblin shouts!
The goblin zaps a wand.
The roots erupt in riotous growth!
The grasping roots grab you! The grasping roots constrict you.
You escape the roots grasp.
Found 10 gold pieces.
The goblin zaps a wand.
The roots erupt in riotous growth!
The grasping roots grab you! The grasping roots constrict you.
Ouch! That really hurt!
* * * LOW HITPOINT WARNING * * *
You escape the roots grasp.
You see here 10 gold pieces.
You now have 40 gold pieces (gained 10).
The goblin zaps a wand.
The roots erupt in riotous growth!
The grasping roots grab you! The grasping roots constrict you.
Ouch! That really hurt!
You die...

### ..# #.# #.#
.###############@#
..........g......######
#...............)#
######.########..####.# .g.....#
####..# #.# ######## #.....#
#.#### ## #########.###.####....#
.###...................#.########
.....>....##..#.[####............


You could see a goblin.

Vanquished Creatures
  2 ball pythons (D:1)
  A frilled lizard (D:1)
  2 kobolds (D:1)
5 creatures vanquished.

Notes
Turn   | Place    | Note
-------+----------+-------------------------------------------
     0 | D:1      | Esekla the Deep Elf Necromancer began the quest for the
                  | Orb.
     0 | D:1      | Reached XP level 1. HP: 10/10 MP: 6/6
   188 | D:1      | Reached skill level 5 in Necromancy
   275 | D:2      | Found Renulab's Jewellery Shop.
   326 | D:2      | Constricted to death by a goblin

Illustrated notes

Levels and vault maps discovered:
D:1:      sevenhm_arrival_forest_fort_small_3, layout_rooms,
          chequers_serial_rivers_room_b, minmay_misc_feat_five
D:2:      layout_loops_ring, dreamdust_ecumenical_altar_angels_and_demons,
          serial_shops, shop

Skill      XL: |  1 |
---------------+----+-----
Necromancy     | 5 |  5.0
Dodging        | |  2.4
Stealth        | |  2.5
Spellcasting   | |  3.2

Action                     || total
---------------------------++-------
  Melee: Short sword       ||    18
         Unarmed           ||     9
         Punch             ||     1
   Stab: Sleeping          ||     1
 Armour: Robe              ||     4
  Dodge: Dodged            ||    16
